 Dungeon Crawl Stone Soup version 0.18-a0-1243-g9e52518 (webtiles) character file.

5490 tsouns the Covert (level 10, 0/80 HPs)
             Began as a Demonspawn Assassin on Feb 5, 2016.
             Was an Initiate of Gozag.
             Hit by a javelin of returning thrown by a centaur (3 damage)
             ... in a bailey.
             The game lasted 00:34:50 (10077 turns).

tsouns the Covert (Demonspawn Assassin)            Turns: 10077, Time: 00:34:50

Health: 0/80       AC:  9    Str: 17    XL:     10   Next: 42%
Magic:  0/28       EV: 12    Int: 12    God:    Gozag
Gold:   1169       SH:  0    Dex: 18    Spells: 2 memorised, 5 levels left

rFire  . . .     SeeInvis .     x - +4 dagger (elec)
rCold  . . .     Gourm    .     c - +0 robe
rNeg   . . .     Faith    .     (no shield)
rPois  .         Spirit   +     l - +2 helmet
rElec  .         Dismiss  .     r - +1 cloak
rCorr  .         Reflect  .     n - +0 pair of gloves
SustAt .         Harm     .     e - +0 pair of boots (curse)
MR     .....                    (no amulet)
Stlth  +++++.....               o - ring of magical power
                                F - ring of magical power

@: mighty, very slightly contaminated, not resistant to hostile enchantments,
quite stealthy
A: claws 1, powered by pain 1, magic shield, magic regeneration, magic link
a: Potion Petition, Call Merchant, Bribe Branch, Renounce Religion


You were in a bailey.
You worshipped Gozag.
Gozag was noncommittal.
You were not hungry.

You visited 2 branches of the dungeon, and saw 10 of its levels.
You also visited: Bailey.

You collected 1286 gold pieces.
You paid 117 gold pieces to Gozag.

Inventory:

Hand Weapons
 a - a +2 dagger
 b - a +0 blowgun
 v - the +6 bardiche "Simalyl" {chop, Int+2 Stlth+}
   (You took it off an orc in a bailey)

   It inflicts extra damage upon your enemies.
   It affects your intelligence (+2).
   It makes you more stealthy.
 x - a +4 dagger of electrocution (weapon)
Missiles
 i - 4 javelins of returning (quivered)
Armour
 c - a +0 robe (worn)
 e - a cursed +0 pair of boots (worn)
 l - a +2 helmet (worn)
 n - a +0 pair of gloves (worn)
 r - a +1 cloak (worn)
Jewellery
 j - an uncursed ring of protection from fire
 o - a ring of magical power (right hand)
 E - a +2 ring of strength
 F - a ring of magical power (left hand)
Wands
 d - a wand of enslavement (2/24)
 B - a wand of paralysis (0/24)
 C - a wand of disintegration (12/24)
 D - a wand of slowing (18/48)
Scrolls
 s - 3 scrolls of remove curse
 u - 3 scrolls of enchant weapon
 y - 4 scrolls of teleportation
Potions
 m - a potion of cure mutation
 p - 2 potions of brilliance
 q - a potion of agility {unknown}
 t - a potion of resistance {unknown}
Books
 G - a book of Enchantments

   Spells                             Type                      Level
   a - Cause Fear                     Hexes                        4
   b - Yara's Violent Unravelling     Hexes/Transmutation          5
   c - Silence                        Hexes/Air                    5
   d - Deflect Missiles               Charms/Air                   6
   e - Haste                          Charms                       6
   f - Discord                        Hexes                        8
Comestibles
 g - 8 bread rations
 k - 7 meat rations


   Skills:
 + Level 7.9 Fighting
 + Level 8.5 Short Blades
 * Level 2.5 Throwing
 - Level 0.8 Dodging
 + Level 10.6 Stealth


You had 5 spell levels left.
You knew the following spells:

 Your Spells              Type           Power        Failure   Level  Hunger
a - Ozocubu's Armour      Chrm/Ice       #.......     88%         3    ####...
b - Freeze                Ice            #...         34%         1    ##.....


Dungeon Overview and Level Annotations

Branches:
Dungeon (9/15)             Temple (1/1) D:6
   Lair: D:8-11         Orc: D:9-12

Altars:
Ashenzari
Cheibriados
Dithmenos
Elyvilon
Fedhas
Gozag
Kikubaaqudgha
Makhleb
Nemelex Xobeh
Okawaru
Pakellas
Qazlal
Ru
Sif Muna
Trog
Vehumet
Xom
Yredelemnul
Zin
The Shining One

Shops:
D:6 [


Innate Abilities, Weirdness & Mutations

You have sharp fingernails.
You sometimes gain a little power by taking damage.
When hurt, damage is shared between your health and your magic reserves.
You regenerate magic rapidly.
When low on magic, you restore magic in place of health.


Message History

The orc warrior hits you with a glaive!!
* * * LOW HITPOINT WARNING * * *
Drink which item? (? for menu, Esc to quit)
Okay, then.
Read which item? (? for menu, Esc to quit)
Blink to where?
Press: ? - help, Dir - move target cursor, p - orc warrior You are very lightly contaminated with residual magic.
As you read the scroll of blinking, it crumbles to dust.
The centaur throws a javelin of returning.
The javelin of returning hits you!
* * * LOW HITPOINT WARNING * * *
The weapon returns to the centaur!
Read which item? (? for menu, Esc to quit)
As you read the scroll of fog, it crumbles to dust.
The scroll dissolves into smoke.
The centaur throws a javelin of returning.
The javelin of returning hits you.
You die...
Your body crumbles into a pile of gold.

##≈≈≈≈≈≈≈≈≈≈≈≈≈≈≈≈≈≈≈## ##≈≈≈≈
##≈≈≈≈≈≈≈≈≈≈≈≈≈≈≈≈≈≈≈≈≈## ##.....
#≈≈≈≈≈≈≈≈.......≈≈≈≈≈≈≈≈###......
≈≈≈≈≈≈≈.(≈≈≈≈≈≈≈..≈≈≈≈≈≈≈#..))...
≈≈≈≈≈..≈≈≈....(≈≈≈..≈≈≈≈≈#....###
≈≈≈≈.≈≈≈.c.......≈≈≈(≈≈≈≈#...##..
≈≈≈≈$≈.............≈.≈≈≈≈#...#.⌠.
≈≈≈.≈≈.⌠.......§§§.≈≈.≈≈≈#...#..≈
≈≈≈.≈.§(..o....§@§..≈$≈≈≈#..⌠#.≈≈
≈≈.≈≈....≈≈≈≈≈≈§§§..≈≈$≈≈#..##.≈.
≈≈.≈...≈≈≈≈≈$≈§≈≈≈...#####..#.≈≈.
≈≈.≈c.≈≈≈≈≈≈≈≈≈≈≈≈≈.....)'..#.≈)≈
≈≈.$..((≈≈≈).)≈≈≈≈≈......'..#.≈.)
≈≈.≈..≈≈≈≈≈≈≈≈≈$≈≈≈....[)'.)#.≈)≈
≈≈.≈...≈≈≈≈≈≈≈≈≈≈≈...#####..#.≈≈.
≈≈.≈≈)...≈≈≈≈≈≈≈....≈≈.≈≈#..##.≈.
...........≈$≈≈≈#..⌠#.≈≈


You could see an orc warrior and a centaur.

Vanquished Creatures
  The ghost of namelastname112 the Cudgeler, a novice DrGl of Gozag (D:6)
  Prince Ribbit (D:7)
  A spriggan (D:7)
  A black bear (D:9)
  12 orc warriors
  2 ice beasts
  3 ogres
  2 phantoms (D:6)
  8 centaurs
  A crocodile (D:9)
  A wyvern zombie (D:7)
  3 scorpions
  8 killer bees
  A centaur zombie (D:9)
  A wasp zombie (D:5)
  A quasit (D:8)
  4 crimson imps
  4 orc priests
  9 orc wizards
  5 hounds
  3 giant frog skeletons
  3 iguanas
  4 worker ants
  A worker ant zombie (D:8)
  Robin (D:2)
  4 gnolls
  10 adders
  2 shadow imps
  An ooze (D:2)
  An adder zombie (D:8)
  2 adder skeletons
  3 worms
  4 giant geckos
  50 orcs
  3 bats
  3 giant cockroaches
  22 goblins
  11 hobgoblins
  11 jackals
  4 quokkas
  3 ball pythons
  A giant gecko skeleton (D:6)
  3 giant newts
  7 kobolds
  A quokka zombie (D:6)
  5 rats
232 creatures vanquished.

Vanquished Creatures (collateral kills)
  A centaur (Bailey)
  A killer bee (D:8)
  A jelly (D:8)
  2 orcs (Bailey)
5 creatures vanquished.

Vanquished Creatures (others)
  A centaur (Bailey)
  A killer bee (D:8)
  3 orcs (Bailey)
5 creatures vanquished.

Grand Total: 242 creatures vanquished

Notes
Turn   | Place    | Note
--------------------------------------------------------------
     0 | D:1      | tsouns the Demonspawn Assassin began the quest for the Orb.
     0 | D:1      | Reached XP level 1. HP: 16/16 MP: 1/1
   143 | D:1      | Gained mutation: You sometimes gain a little power by taking damage. [demonic ancestry]
   143 | D:1      | Reached XP level 2. HP: 16/22 MP: 2/2
   532 | D:1      | Reached skill level 4 in Stealth
  1066 | D:2      | Gained mutation: When hurt, damage is shared between your health and your magic reserves. [demonic ancestry]
  1066 | D:2      | Reached XP level 3. HP: 24/27 MP: 3/3
  1346 | D:2      | Noticed Robin
  1709 | D:2      | Found a blossoming altar of Fedhas.
  1718 | D:2      | Gained mutation: You regenerate magic rapidly. [demonic ancestry]
  1718 | D:2      | Reached XP level 4. HP: 33/33 MP: 4/4
  1802 | D:2      | Killed Robin
  2135 | D:3      | Gained mutation: You have sharp fingernails. [demonic ancestry]
  2135 | D:3      | Reached XP level 5. HP: 32/38 MP: 3/5
  2419 | D:3      | Found a glowing silver altar of Zin.
  2452 | D:3      | Found a shattered altar of Ashenzari.
  2457 | D:3      | Found a shimmering altar of Xom.
  2457 | D:3      | Found a sparkling altar of Nemelex Xobeh.
  2837 | D:4      | Reached skill level 5 in Stealth
  2875 | D:4      | Reached XP level 6. HP: 33/44 MP: 6/6
  3321 | D:5      | Entered Level 5 of the Dungeon
  3464 | D:5      | Reached skill level 5 in Short Blades
  3603 | D:5      | Reached skill level 6 in Stealth
  3603 | D:5      | Reached XP level 7. HP: 46/51 MP: 5/7
  4279 | D:5      | Found an ancient bone altar of Kikubaaqudgha.
  4460 | D:6      | Reached skill level 7 in Stealth
  4484 | D:6      | Learned a level 3 spell: Ozocubu's Armour
  4486 | D:6      | Learned a level 1 spell: Freeze
  4492 | D:6      | Found a deep blue altar of Sif Muna.
  4502 | D:6      | Reached XP level 8. HP: 58/60 MP: 6/8
  4556 | D:6      | Found Xiunwel's Antique Armour Boutique.
  4855 | D:6      | Noticed namelastname112's ghost (novice DrGl)
  4868 | D:6      | Killed namelastname112's ghost
  4868 | D:6      | Reached skill level 5 in Fighting
  4868 | D:6      | Reached skill level 8 in Stealth
  4937 | D:6      | Found a staircase to the Ecumenical Temple.
  5049 | Temple   | Entered the Ecumenical Temple
  5062 | Temple   | Became a worshipper of Gozag Ym Sagoz the Greedy
  5292 | D:6      | Reached XP level 9. HP: 68/68 MP: 9/9
  5324 | D:6      | Found a stormy altar of Qazlal.
  5483 | D:6      | Found a basalt altar of Yredelemnul.
  5515 | D:7      | Reached skill level 9 in Stealth
  5636 | D:7      | Noticed Prince Ribbit
  5643 | D:7      | Killed Prince Ribbit
  6993 | D:8      | Reached skill level 10 in Stealth
  7493 | D:8      | Found a snail-covered altar of Cheibriados.
  7690 | D:9      | Gained mutation: When low on magic, you restore magic in place of health. [demonic ancestry]
  7690 | D:9      | Reached XP level 10. HP: 72/79 MP: 10/10
  7792 | D:9      | Found a flagged portal.
  7826 | Bailey   | Entered a bailey
  9579 | Bailey   | Got a brightly glowing bardiche {chop}
  9583 | Bailey   | Identified the +6 bardiche "Simalyl" {chop, Int+2 Stlth+} (You took it off an orc in a bailey)
 10076 | Bailey   | HP: 3/80 [centaur/javelin of returning (8)]
 10077 | Bailey   | Hit by a javelin of returning thrown by a centaur

Vault maps used:
D:1:      dpeg_arrival_chase
D:2:      serial_curves, eino_curves_01, eino_curves_02,
          fedhas_altar_fruit_tree, uniq_robin
D:3:      gammafunk_temple_overflow_pools, lemuel_doored_altar,
          ashenzari_conservatory_becter, first_bread
D:4:      serial_glass, glass_columns_b, glass_columns_a
D:5:      kiku_gazebo_pond_becter
D:6:      lemuel_upstairs_altar, grunt_temple_overflow_open,
          minmay_temple_entry_nine_rooms, serial_shops, shop,
          serial_bayou_ford_a, lemuel_statue_altar
D:7:      the_bakery, uniq_prince_ribbit1
D:8:      cheibriados_altar_wand_db
D:9:      enter_bailey_3, kennysheep_generic_room_6, uniq_erica, uniq_gastronok,
          uniq_erolcha
Temple:   eino_narrow_crystal_temple_a_12
Bailey:   bailey_polearm_flooded_kennysheep, bailey

Action                   |  1- 3 |  4- 6 |  7- 9 | 10-12 || total
-------------------------+-------+-------+-------+-------++-------
Melee: Dagger            |   118 |   183 |   298 |    51 ||   650
       Bardiche          |       |       |       |    17 ||    17
 Fire: Blowgun           |    21 |    34 |     8 |    72 ||   135
Throw: Tomahawk          |       |       |     4 |    31 ||    35
       Javelin           |       |       |       |    26 ||    26
Evoke: Wand              |       |       |     3 |     5 ||     8
  Use: Scroll            |     5 |     1 |     9 |     2 ||    17
       Potion            |       |       |     2 |     1 ||     3
 Stab: Sleeping          |     5 |     9 |    14 |    13 ||    41
       Distracted        |       |     1 |     7 |     4 ||    12
       Paralysed         |       |       |     2 |       ||     2
  Eat: Chunk             |     3 |     6 |     2 |       ||    11
       Beef jerky        |       |       |     3 |       ||     3
       Fruit             |       |       |     7 |       ||     7
       Pizza             |       |       |     1 |       ||     1
       Bread ration      |       |       |       |     2 ||     2
